 Dungeon Crawl Stone Soup version 0.31-a0-1074-g0b22e4e0f1 (webtiles) character file.

Game seed: 5206191242985666614

80 zxpr0jk the Ducker (level 4, 0/34 HPs)
             Began as a Vampire Gladiator on Dec 1, 2023.
             Succumbed to an adder's poison
             ... on level 4 of the Dungeon.
             The game lasted 00:03:42 (1507 turns).

zxpr0jk the Ducker (Vampire Gladiator)              Turns: 1507, Time: 00:03:43

Health: 0/34       AC:  2    Str: 13 (15) XL:     4   Next: 18%
Magic:  4/4        EV: 13    Int:  5 (10) God:
Gold:   21         SH:  0    Dex: 14 (15) Spells: 3/3 levels left

rFire   . . .        a - +0 long sword
rCold   . . .        (no shield)
rNeg    . . .        b - +0 leather armour
rPois   .            c - +0 helmet
rElec   .            (no cloak)
rCorr   .            (no gloves)
SInv    +            (no boots)
Will    .....        (no amulet)
Stlth   +            (no ring)
HPRegen 0.45/turn    (no ring)
MPRegen 0.09/turn

%: no passive effects
@: lethally poisoned (0 -> -2), weak-willed, healing quickly
A: alive, fangs 3, see invisible, vampiric 2, deformed body, deterioration 1,
high MP 1
a: Exsanguinate


You were on level 4 of the Dungeon.
You visited 1 branch of the dungeon, and saw 4 of its levels.

You collected 21 gold pieces.

Inventory:

Hand Weapons
 a - a +0 long sword (weapon)
Armour
 b - a +0 leather armour (worn)
 c - a +0 helmet (worn)
Jewellery
 o - a ring of fire
Scrolls
 g - 6 scrolls of identify
 h - a scroll of amnesia


   Skills:
 * Level 2.8 Fighting
 + Level 3.4 Long Blades
 - Level 1.5 Throwing
 * Level 4.3 Dodging


You had 3 spell levels left.
You didn't know any spells.
Your spell library contained the following spells:

 Spells                   Type           Power      Damage    Failure   Level
 Sandblast                Erth           0%         2d4       56%         1
 Passwall                 Tmut/Erth      0%         N/A       71%         2
 Stone Arrow              Conj/Erth      0%         3d7       90%         3
 Brom's Barrelling Bould  Conj/Erth      0%         2d3       100%        4


Dungeon Overview and Level Annotations

Branches:
Dungeon (4/15)
 Temple: D:4-7

Altars:

Annotations:
D:2 1 runed translucent door, Crazy Yiuf


Innate Abilities, Weirdness & Mutations

Your natural rate of healing is accelerated.
You have razor-sharp teeth.
You have supernaturally acute eyesight. (SInv)
You are afflicted with vampirism and can become a bat while bloodless.
Armour fits poorly on your strangely shaped body.
Your body sometimes deteriorates upon taking damage.
You have an increased reservoir of magic. (+10% MP)


Message History

* * * LOW HITPOINT WARNING * * *
Okay, then.
The adder hisses angrily.
The adder attacks as it pursues you! The adder bites you.
* * * LOW HITPOINT WARNING * * *
The endoplasm hits you.
* * * LOW HITPOINT WARNING * * *
A kobold comes into view. It is wielding a +0 club.
Found a stone staircase leading up.
The adder attacks as it pursues you! The adder bites you.
* * * LOW HITPOINT WARNING * * *
Your body deteriorates!
You feel dopey. The adder misses you.
The orc hits you from afar with a +0 trident.
* * * LOW HITPOINT WARNING * * *
The kobold throws a stone.
The stone misses you. The adder misses you. The adder barely misses you.
The adder attacks as it pursues you! The adder closely misses you.
The adder misses you. The adder closely misses you.
The kobold throws a stone.
The stone misses you. The orc closely misses you.
The adder attacks as it pursues you! The adder misses you.
The orc closely misses you. The adder misses you. The adder barely misses you.
There is an escape hatch in the floor here.
The adder bites you.
* * * LOW HITPOINT WARNING * * *
You are lethally poisoned!
The adder poisons you! The orc closely misses you.
The adder closely misses you.
You slide downwards.
The hatch slams shut behind you.
* * * LOW HITPOINT WARNING * * *
You feel sick.
Found 7 stones.
Found an escape hatch in the floor.
* * * LOW HITPOINT WARNING * * *
You feel sick.
* * * LOW HITPOINT WARNING * * *
You feel sick. The adder attacks as it pursues you!
The adder bites you but does no damage. The adder barely misses you.
The adder misses you.
You die...

##### . ##.(.##
...
#.....###...##
#.....@......#
####...S.###.##.#
#......S##
#......##
#.>.....
.......###
....... ..####. #
#.


You could see 2 adders.

Vanquished Creatures
  2 adders
  2 dart slugs
  9 orcs (D:3)
  4 bats (D:1)
  3 endoplasms (D:2)
  2 giant cockroaches
  2 goblins (D:2)
  5 hobgoblins
  3 quokkas
  2 ball pythons (D:1)
  A frilled lizard (D:1)
  2 kobolds
  5 rats
42 creatures vanquished.

Vanquished Creatures (others)
  2 orcs (D:3)
2 creatures vanquished.

Grand Total: 44 creatures vanquished

Notes
Turn   | Place    | Note
-------+----------+-------------------------------------------
     0 | D:1      | zxpr0jk the Vampire Gladiator began the quest for the Orb.
     0 | D:1      | Reached XP level 1. HP: 16/16 MP: 1/1
   145 | D:1      | Reached XP level 2. HP: 22/22 MP: 2/2
  1014 | D:2      | Gained mutation: You are afflicted with vampirism and can
                  | become a bat while bloodless. [Vampire growth]
  1014 | D:2      | Reached XP level 3. HP: 28/28 MP: 3/3
  1102 | D:2      | Reached skill level 4 in Dodging
  1245 | D:2      | Found a runed translucent door.
  1246 | D:2      | Noticed Crazy Yiuf
  1467 | D:3      | Gained mutation: Your body sometimes deteriorates upon
                  | taking damage. [potion of mutation]
  1467 | D:3      | Gained mutation: Armour fits poorly on your strangely
                  | shaped body. [potion of mutation]
  1467 | D:3      | Gained mutation: You have an increased reservoir of magic.
                  | (+10% MP) [potion of mutation]
  1473 | D:3      | Reached XP level 4. HP: 24/34 MP: 4/4
  1505 | D:4      | HP: 1/34 [poisoned by an adder]
  1507 | D:4      | Succumbed to an adder's poison

Illustrated notes

Levels and vault maps discovered:
D:1:      ncdulo_lavacross, layout_loops_ring
D:2:      layout_basic, uniq_crazy_yiuf_cottage
D:3:      layout_basic, chequers_ecumenical_altar_simple, chequers_jeans,
          chequers_serial_rivers_room_b, minmay_misc_feat_five, minmay_bisected
D:4:      cheibrodos_old_hovel, layout_loops_cross, temple_doors_cd,
          uniq_sigmund

Skill      XL: |  1  2  3 |
---------------+----------+-----
Fighting       | 2 |  2.8
Dodging        | 4 |  4.3
Long Blades    | |  3.4
Throwing       | |  1.5

Action                     |  1- 3 |  4- 6 || total
---------------------------+-------+-------++-------
  Melee: Long sword        |   121 |     7 ||   128
         Bite              |    17 |     1 ||    18
         Punch             |     1 |       ||     1
  Throw: Throwing net      |       |     3 ||     3
         Javelin           |       |     1 ||     1
    Use: Potion            |     5 |       ||     5
         Scroll            |       |     5 ||     5
   Stab: Sleeping          |     1 |       ||     1
 Armour: Leather armour    |    77 |    13 ||    90
  Dodge: Dodged            |    92 |    24 ||   116

Table legend: (Time is in decaauts)
 A = Elapsed time spent in this place.
 B = Non-inter-level travel time spent in this place.
 C = Inter-level travel time spent in this place.
 D = Time resting spent in this place.
 E = Time spent auto-exploring this place.
 F = Levels seen in this place.
 G = Mean time per level.
                   A        B        C        D        E       F      G
               +--------+--------+--------+--------+--------+-----+--------+
         Total |   1537 |   1458 |     79 |     23 |   1126 |   4 |  384.2 |
       Dungeon |   1537 |   1458 |     79 |     23 |   1126 |   4 |  384.2 |
               +--------+--------+--------+--------+--------+-----+--------+

Top non-repeatable levels by time:
     D:2: 831 daAuts
     D:1: 614 daAuts
     D:3: 89 daAuts
     D:4: 2 daAuts
